 Dungeon Crawl Stone Soup version 0.28.0-47-ge53b351184 (webtiles) character file.

Game seed: 3929150688252486311

170 101zpm the Chiller (level 5, -9/36 HPs)
             Began as a Merfolk Ice Elementalist on Apr 29, 2022.
             Mangled by a komodo dragon (24 damage)
             ... on level 4 of the Dungeon.
             The game lasted 00:05:50 (4639 turns).

101zpm the Chiller (Merfolk Ice Elementalist)       Turns: 4639, Time: 00:05:50

Health: -9/36      AC:  2    Str:  8    XL:     5   Next: 50%
Magic:  7/9        EV: 13    Int: 17    God:
Gold:   216        SH:  0    Dex: 14    Spells: 9/10 levels left

rFire   . . .      SeeInvis .   n - +1 dagger (elec)
rCold   . . .      Faith    .   (no shield)
rNeg    . . .      Spirit   .   a - +0 robe
rPois   .          Reflect  .   (no helmet)
rElec   .          Harm     .   (no cloak)
rCorr   .          Rampage  .   (no gloves)
Will    .....                   (no boots)
Stlth   ++........              (no amulet)
HPRegen 0.12/turn               (no ring)
MPRegen 0.11/turn               (no ring)

@: no status effects
A: (nimble swimmer 2), mertail
a: no special abilities


You were on level 4 of the Dungeon.
You visited 1 branch of the dungeon, and saw 5 of its levels.

You collected 216 gold pieces.

Inventory:

Hand Weapons
 n - a +1 dagger of electrocution (weapon)
 r - a +0 dagger of protection
Armour
 a - a +0 robe (worn)
Jewellery
 p - a ring of protection from fire
 v - a +6 ring of strength
Wands
 g - a wand of polymorph (8)
Scrolls
 b - 4 scrolls of identify {unknown}
 c - 2 scrolls of amnesia {unknown}
 d - a scroll of fear {unknown}
 i - a scroll of teleportation {unknown}
 j - a scroll of fog {unknown}
 l - a scroll of blinking {unknown}
 q - a scroll of acquirement {unknown}
 t - a scroll of silence {unknown}
 u - a scroll of immolation {unknown}
Potions
 e - a potion of attraction {unknown}
 f - 2 potions of lignification {unknown}
 h - a potion of flight {unknown}
 k - a potion of invisibility {unknown}
 m - 2 potions of mutation {unknown}
 o - a potion of curing {unknown}
 s - a potion of cancellation {unknown}


   Skills:
 + Level 0.5 Fighting
 + Level 0.2 Short Blades
 + Level 3.4 Dodging
 + Level 2.6 Stealth
 + Level 3.1 Spellcasting
 + Level 6.0 Ice Magic


You had 9 spell levels left.
You knew the following spells:

 Your Spells              Type           Power      Damage    Failure   Level
a - Freeze                Ice            92%        1d10      1%          1

Your spell library contained the following spells:

 Spells                   Type           Power      Damage    Failure   Level
 Frozen Ramparts          Ice            46%        1d6       4%          3
 Ozocubu's Armour         Ice            23%        N/A       4%          3
 Ensorcelled Hibernation  Hex/Ice        24%        N/A       8%          2
 Spider Form              Tmut/Pois      2%         N/A       45%         3
 Hailstorm                Conj/Ice       12%        3d5       45%         4
 Anguish                  Hex/Necr       1%         N/A       86%         4


Dungeon Overview and Level Annotations

Branches:
Dungeon (5/15)
 Temple: D:4-7

Altars:
Ru


Innate Abilities, Weirdness & Mutations

((You are very nimble when in or above water. (Stealth+, EV+, Speed+++)))
Your lower body shifts to a powerful aquatic tail in water.


Message History

You are too injured to fight recklessly!
You hit the bullfrog zombie.
The bullfrog zombie is heavily damaged.
The bullfrog zombie misses you.
You hit the bullfrog zombie.
The bullfrog zombie is heavily damaged.
The bullfrog zombie barely misses you.
You closely miss the bullfrog zombie.
The bullfrog zombie is heavily damaged.
The bullfrog zombie completely misses you.
You hit the bullfrog zombie.
The bullfrog zombie is severely damaged.
The bullfrog zombie closely misses you. The bullfrog zombie misses you.
You hit the bullfrog zombie.
The bullfrog zombie is severely damaged.
The bullfrog zombie hits you.
You hit the bullfrog zombie.
The bullfrog zombie is severely damaged.
The bullfrog zombie barely misses you.
You hit the bullfrog zombie.
Lightning courses through the bullfrog zombie!
You destroy the bullfrog zombie!
Your Ice Magic skill increases to level 6!
HP restored.
A komodo dragon comes into view.
There is a stone staircase leading up here.
The komodo dragon completely misses you.
You climb upwards.
There is a stone staircase leading down here.
You freeze the komodo dragon.
The komodo dragon is lightly wounded.
The komodo dragon misses you.
You freeze the komodo dragon.
The komodo dragon is lightly wounded.
The komodo dragon bites you!!
Ouch! That really hurt!
You are too injured to fight recklessly!
The komodo dragon bites you!!
Ouch! That really hurt!
You die...

#.......#.##......≈..#
#.......#.........#+####### #####
#.......#..#.####..........
≈≈..###.......'....####÷.........
≈≈≈..##.......##...##............
≈≈≈≈.##.......###..##............
≈≈≈≈.##.......###..##...#########
.≈≈≈≈.........##.l.#######
≈≈≈≈..##########@#>......########
.≈≈≈≈.# #.#####..........#
≈≈≈≈..# #######'## #....(..[..#
.≈≈≈..# #........####..........#
≈..≈..# #........'..'..........#
≈≈≈≈.## #........####..........#
≈≈≈≈.# #........# #..........#
≈.≈≈≈# #........# #..........#
≈.≈≈.# #........# #.)........#


You could see a komodo dragon.

Vanquished Creatures
  A bullfrog zombie (D:5)
  A hound (D:4)
  A gnoll (D:1)
  A howler monkey skeleton (D:4)
  2 adders
  3 worms
  An orc (D:4)
  5 ball pythons
  5 endoplasms
  2 giant cockroaches
  13 goblins
  3 hobgoblins
  3 quokkas
  5 bats
  2 frilled lizards (D:2)
  9 kobolds
  A quokka skeleton (D:4)
  3 rats
61 creatures vanquished.

Notes
Turn   | Place    | Note
-------+----------+-------------------------------------------
     0 | D:1      | 101zpm the Merfolk Ice Elementalist began the quest for the
                  | Orb.
     0 | D:1      | Reached XP level 1. HP: 13/13 MP: 3/3
   375 | D:2      | Reached XP level 2. HP: 19/19 MP: 3/5
   642 | D:2      | Reached skill level 5 in Ice Magic
  1496 | D:2      | Reached XP level 3. HP: 12/24 MP: 1/6
  2037 | D:3      | Found a sacrificial altar of Ru.
  2497 | D:1      | Found a faded altar of an unknown god.
  2515 | D:1      | Reached XP level 4. HP: 28/30 MP: 1/7
  3014 | D:1      | You fall into a shaft and drop 1 floor!
  3858 | D:4      | Reached XP level 5. HP: 33/35 MP: 4/9
  4420 | D:5      | Entered Level 5 of the Dungeon
  4462 | D:5      | Reached skill level 6 in Ice Magic
  4611 | D:5      | Noticed a komodo dragon
  4639 | D:4      | Mangled by a komodo dragon

Illustrated notes

Levels and vault maps discovered:
D:1:      scummos_arrival_star, layout_loops_corners,
          dreamdust_ecumenical_altar_grove
D:2:      layout_basic
D:3:      layout_basic, hangedman_ru_absence
D:4:      layout_basic, serial_rivers, chequers_serial_rivers_small_b,
          chequers_serial_rivers_small_b, chequers_serial_rivers_large_a,
          chequers_serial_rivers_micro_c, chequers_serial_rivers_marsh
D:5:      layout_basic, trog_wizard, amcnicky_altar_gilded, uniq_eustachio,
          uniq_edmund

Skill      XL: |  1  2  3  4  5 |
---------------+----------------+-----
Ice Magic      | 5 6 |  6.0
Dodging        | 3 |  3.4
Spellcasting   | 3 |  3.1
Fighting       | |  0.5
Short Blades   | |  0.2
Stealth        | |  2.6

Action                   |  1- 3 |  4- 6 || total
-------------------------+-------+-------++-------
Melee: Unarmed           |     6 |       ||     6
       Dagger            |     3 |    22 ||    25
 Cast: Freeze            |    66 |    39 ||   105
Armor: Robe              |     3 |     3 ||     6
Dodge: Dodged            |    46 |    33 ||    79
